 Dungeon Crawl Stone Soup version 0.31.0-4-g52a2dc7128 (webtiles) character file.

Game seed: 5438710512280900303

11585 mainiacjoe the Arsonist (level 11, 0/54 HPs)
             Began as a Gargoyle Fire Elementalist on Jan 21, 2024.
             Was a Believer of Sif Muna.
             Slain by a two-headed ogre
             ... wielding a +0 giant spiked club
              (25 damage)
             ... on level 10 of the Dungeon.
             The game lasted 01:03:09 (13425 turns).

mainiacjoe the Arsonist (GrFE)                     Turns: 13425, Time: 01:03:10

Health: 0/54       AC: 18    Str: 13    XL:     11   Next: 80%
Magic:  18/18      EV: 12    Int: 19    God:    Sif Muna [**....]
Gold:   217        SH:  5    Dex: 22    Spells: 3/18 levels left

rFire   + . .        a - staff of fire {!a}
rCold   . . .        (no shield)
rNeg    + . .        M - +3 leather armour {Will+}
rPois   ∞            f - +0 helmet
rElec   +            (no cloak)
rCorr   .            m - +1 pair of gloves
SInv    .            y - +0 pair of boots
Will    +....        p - amulet of reflection
Stlth   ++           c - +6 ring of dexterity
HPRegen 0.29/turn    I - +6 ring of dexterity
MPRegen 0.16/turn

%: reflection
@: no status effects
A: sickness immunity, AC +8, negative energy resistance 1, electricity
resistance, torment resistance 1, petrification resistance
a: Renounce Religion, Channel Magic


You were on level 10 of the Dungeon.
You worshipped Sif Muna.
Sif Muna was pleased with you.
You visited 2 branches of the dungeon, and saw 12 of its levels.
You also visited: Sewer and Gauntlet.

You collected 577 gold pieces.
You spent 360 gold pieces at shops.

Inventory:

Hand Weapons
 b - a +4 dagger of flaming
 w - a +0 sling of electrocution
 L - a +1 scimitar
Missiles
 g - 102 stones
 h - a throwing net {=F}
 j - 5 atropa-tipped darts {=F}
 k - 13 poisoned darts (quivered)
 G - 6 boomerangs
 O - a curare-tipped dart {=F}
Armour
 f - a +0 helmet (worn)
 m - a +1 pair of gloves (worn)
 y - a +0 pair of boots (worn)
 M - a +3 leather armour of willpower (worn)
 N - +0 acid dragon scales
Magical Staves
 a - a staff of fire (weapon) {!a}
Jewellery
 c - a +6 ring of dexterity (left hand)
 l - a ring of protection from cold
 p - an amulet of reflection (around neck)
 I - a +6 ring of dexterity (right hand)
Wands
 A - a wand of iceblast (7)
 D - a wand of flame (28)
 F - a wand of polymorph (2)
 K - a wand of quicksilver (2)
Scrolls
 d - a scroll of poison
 i - a scroll of vulnerability
 q - a scroll of teleportation
 r - 4 scrolls of fear
 s - a scroll of revelation
 x - a scroll of immolation
 E - a scroll of fog
 J - 3 scrolls of enchant weapon
Potions
 e - 2 potions of brilliance
 n - a potion of cancellation
 o - a potion of might
 t - a potion of mutation {unknown}
 u - 2 potions of curing
 v - 4 potions of attraction {unknown}
 z - 3 potions of invisibility
 B - a potion of degeneration {unknown}
 C - 2 potions of heal wounds
 H - 2 potions of magic


   Skills:
 - Level 1.6 Dodging
 - Level 2.1 Stealth
 + Level 4.0 Spellcasting
 + Level 10.0 Conjurations
 - Level 2.0 Hexes
 - Level 12.0 Fire Magic
 - Level 10.0 Invocations
 - Level 4.0 Evocations


You had 3 spell levels left.
You knew the following spells:

 Your Spells              Type           Power      Damage    Failure   Level
a - Foxfire               Conj/Fire      100%       2x1d9     1%          1
b - Scorch                Fire           100%       2d9       1%          2
c - Inner Flame           Hex/Fire       45%        N/A       3%          3
d - Flame Wave            Conj/Fire      62%        2d14      1%          4
e - Fireball              Conj/Fire      31%        3d13      5%          5

Your spell library contained the following spells:

 Spells                   Type           Power      Damage    Failure   Level
 Volatile Blastmotes      Fire/Tloc      78%        2d16      4%          3
 Jinxbite                 Hex            22%        N/A       12%         2
 Apportation              Tloc           6%         N/A       17%         1
 Summon Small Mammal      Summ           12%        N/A       17%         1
 Ensorcelled Hibernation  Hex/Ice        14%        N/A       17%         2
 Call Canine Familiar     Summ           3%         N/A       45%         3
 Passwall                 Erth           3%         N/A       45%         3
 Swiftness                Air            3%         N/A       45%         3
 Summon Blazeheart Golem  Fire/Summ      39%        N/A       14%         4
 Cause Fear               Hex            5%         N/A       58%         4
 Alistair's Intoxication  Alch           2%         N/A       99%         5
 Haunt                    Necr/Summ      1%         N/A       100%        7
 Borgnjor's Revivificati  Necr           1%         N/A       100%        8
 Death's Door             Necr           1%         N/A       100%        9
 Dragon's Call            Summ           1%         N/A       100%        9


Dungeon Overview and Level Annotations

Branches:
Dungeon (11/15)            Temple (1/1) D:7            Lair (0/5) D:9
    Orc (0/2) D:11          Sewer (visited)         Gauntlet (visited)

Altars:
Ashenzari
Cheibriados
Dithmenos
Elyvilon
Fedhas
Gozag
Hepliaklqana
Kikubaaqudgha
Makhleb
Nemelex Xobeh
Okawaru
Qazlal
Ru
Sif Muna
Trog
Uskayaw
Vehumet
Wu Jian
Xom
Yredelemnul
Zin
The Shining One

Shops:
D:9 [

Annotations:
D:3 exclusion: 2 doors, Grinder


Innate Abilities, Weirdness & Mutations

You are immune to sickness and miasma.
Your stone body is resilient. (AC +8)
You are immune to poison.
You resist negative energy. (rN+)
You are resistant to electric shocks. (rElec)
You are resistant to unholy torment.
You are immune to petrification.


Message History

The puff of flame hits the orc wizard.
Casting: Inner Flame (dangerous; 3% risk of failure)
Confirm with . or Enter, or press ? or * to list all spells.
Aiming: Fireball (dangerous; 5% risk of failure)
Press: ? - help, Shift-Dir - straight line, f/p - orc warrior
Aim: an orc warrior, wielding a +0 flail and wearing a +0 chain mail (inner flame)
You feel a surge of power!
The fireball explodes!
The fireball engulfs the orc wizard!
You kill the orc wizard!
Sif Muna accepts your kill.
The fireball engulfs the orc warrior!!
Flame seeps out of the orc warrior.
The orc warrior is almost dead.
You hear two shouts!
The orc warrior is engulfed in blazing flames.
Sif Muna accepts your kill.
The orc warrior explodes!
The fiery explosion engulfs the orc!!!
You kill the orc!
Sif Muna accepts your kill.
Training target 12.0 for Fire Magic reached!
Your Fire Magic skill increases to level 12!
You need to enable at least one skill for training.
A two-headed ogre comes into view.
It is wielding two +0 giant spiked clubs.
You start resting.
Magic restored.
You open the door.
A gargoyle comes into view. It is wielding a +0 mace.
Found 3 stones.
The gargoyle hurls a stone arrow at you.
The stone arrow hits you!
The gargoyle hurls a stone arrow at you.
The stone arrow misses you.
The gargoyle hurls a stone arrow at you.
The stone arrow hits you!
The two-headed ogre shouts in stereo!
The gargoyle hurls a stone arrow at you.
The stone arrow hits you!
The two-headed ogre attacks as it pursues you!
The two-headed ogre hits you with a +0 giant spiked club!!
You die...

######..## #.........#.#
#.....
#...###.#####..........#
###..#
#...#..............#.#.#
#..#
......#................#
#..#
#...#.#######.##.#.....#
#.##
#...#....####.####.#####
..# #####..........###.#
.. .. ....
#.##.......#...##.##. ....
.##.##.......#@#.##...
.............#O#.#...# ##
####........#.#.#...#
##+.+## #..#######9#.#..#
#+.....+# ##..## #.#.#..#
#.......# #...#
#.#....##+.......+
#...#####....#.##....8....
#.......#...##.# +.......+
#...#.......##.# #.......#


You could see a two-headed ogre and a gargoyle.

Vanquished Creatures
  A two-headed ogre (D:8)
  A fire crab (D:9)
  Pikel (D:6)
  A deep elf pyromancer (D:9)
  An ugly thing (D:9)
  Joseph (D:9)
  A gargoyle (D:10)
  A kobold demonologist (D:11)
  2 hornets
  A shadow (D:9)
  A wyvern (D:9)
  19 yaks
  Grum (D:8)
  Menkaure (D:4)
  3 steam dragons
  4 acid dragons
  A vampire mosquito (D:10)
  4 water moccasins
  3 orc warriors
  A sky beast (D:7)
  2 ice beasts
  A hornet zombie (D:8)
  A crocodile (Sewer)
  2 wolves (D:8)
  2 lemures (D:7)
  A kobold brigand (D:5)
  3 necrophages (D:8)
  5 bullfrogs
  2 gnoll sergeants
  A scorpion (D:6)
  11 wights (D:8)
  A centaur zombie (D:8)
  3 bombardier beetles
  2 hounds
  3 orc priests
  4 jellies
  A sleepcap (D:5)
  3 iguanas
  7 orc wizards
  A killer bee zombie (D:8)
  A howler monkey zombie (D:8)
  10 gnolls
  5 adders
  A river rat (D:3)
  2 white imps
  2 ribbon worms
  4 dart slugs
  20 orcs
  7 ball pythons
  7 endoplasms
  3 giant cockroaches
  7 hobgoblins
  11 jackals
  11 kobolds
  3 quokkas
  8 bats
  4 frilled lizards
  11 goblins
  11 rats
233 creatures vanquished.

Vanquished Creatures (collateral kills)
  2 foxfires (D:8)
2 creatures vanquished.

Vanquished Creatures (others)
  407 foxfires
407 creatures vanquished.

Grand Total: 642 creatures vanquished

Notes
Turn   | Place    | Note
-------+----------+-------------------------------------------
     0 | D:1      | mainiacjoe the Gargoyle Fire Elementalist began the quest
                  | for the Orb.
     0 | D:1      | Reached XP level 1. HP: 10/10 MP: 3/3
   162 | D:1      | Reached XP level 2. HP: 15/15 MP: 1/5
   166 | D:1      | Learned a level 2 spell: Scorch
   560 | D:1      | Reached XP level 3. HP: 19/19 MP: 4/6
  1439 | D:2      | Reached skill level 4 in Fire Magic
  1447 | D:2      | Reached XP level 4. HP: 24/24 MP: 0/7
  1839 | D:2      | Found a faded altar of an unknown god.
  2081 | D:3      | Found a glowing drain.
  2185 | Sewer    | Entered a sewer
  2249 | Sewer    | Noticed a crocodile
  2257 | Sewer    | Killed a crocodile
  2258 | Sewer    | Reached XP level 5. HP: 15/28 MP: 2/9
  2425 | D:3      | Reached skill level 5 in Fire Magic
  2460 | D:3      | Noticed Grinder
  2727 | D:3      | Reached XP level 6. HP: 32/32 MP: 3/10
  3495 | D:4      | Noticed Menkaure
  3502 | D:4      | Killed Menkaure
  3552 | D:4      | Found a sparkling altar of Nemelex Xobeh.
  3613 | D:4      | Reached XP level 7. HP: 36/36 MP: 8/12
  3687 | D:4      | Found a shadowy altar of Dithmenos.
  3688 | D:4      | Found a stormy altar of Qazlal.
  3694 | D:4      | Found a hide-covered altar of Uskayaw.
  3698 | D:4      | Found a bloodstained altar of Trog.
  4305 | D:5      | Entered Level 5 of the Dungeon
  4338 | D:4      | Learned a level 3 spell: Inner Flame
  4483 | D:5      | Reached skill level 6 in Fire Magic
  5209 | D:5      | Learned a level 4 spell: Flame Wave
  5232 | D:5      | Reached skill level 5 in Conjurations
  5329 | D:5      | Reached XP level 8. HP: 41/41 MP: 7/14
  5335 | D:5      | Learned a level 5 spell: Fireball
  6355 | D:6      | Reached skill level 1 in Hexes
  6431 | D:6      | Reached skill level 7 in Fire Magic
  6883 | D:6      | Reached skill level 8 in Fire Magic
  7016 | D:6      | Found a burning altar of Makhleb.
  7212 | D:7      | Noticed Pikel
  7227 | D:6      | Killed Pikel
  7228 | D:6      | Reached skill level 9 in Fire Magic
  7228 | D:6      | Reached skill level 10 in Fire Magic
  7228 | D:6      | Reached XP level 9. HP: 15/45 MP: 2/15
  7684 | D:7      | Reached skill level 11 in Fire Magic
  8024 | D:7      | Found a staircase to the Ecumenical Temple.
  8033 | Temple   | Entered the Ecumenical Temple
  8049 | Temple   | Became a worshipper of Sif Muna the Loreminder
  8415 | D:8      | Noticed a two-headed ogre
  8428 | D:8      | Killed a two-headed ogre
  8429 | D:8      | Reached XP level 10. HP: 50/50 MP: 1/16
  8614 | D:8      | Noticed Grum
  8648 | D:8      | Killed Grum
  8649 | D:8      | Reached skill level 5 in Invocations
  9098 | D:8      | Reached * piety under Sif Muna
  9611 | D:8      | Found a radiant altar of Vehumet.
  9904 | D:8      | Found a blossoming altar of Fedhas.
 10484 | D:9      | Noticed Joseph
 10683 | D:9      | Found Buoju's Armour Boutique.
 10692 | D:9      | Bought a +3 leather armour of willpower for 360 gold pieces
 10867 | D:9      | You fall into a shaft and drop 2 floors!
 10869 | D:11     | Noticed a kobold demonologist
 10905 | D:11     | Killed a kobold demonologist
 10930 | D:11     | Found a gate leading to a gauntlet.
 10937 | D:11     | Found a staircase to the Orcish Mines.
 10939 | Gauntlet | Entered a Gauntlet
 10939 | Gauntlet | Noticed a ghost crab
 10939 | Gauntlet | Found a transporter.
 10939 | Gauntlet | Found a transporter.
 10939 | Gauntlet | Found a transporter.
 10978 | Gauntlet | Found a transporter.
 10981 | Gauntlet | Found a transporter.
 10985 | Gauntlet | Noticed a fire crab
 10987 | Gauntlet | Noticed a tengu warrior
 10995 | Gauntlet | Found a transporter.
 11058 | Gauntlet | Found a transporter.
 11075 | Gauntlet | Found a transporter.
 11080 | Gauntlet | Noticed an eye of devastation
 11084 | Gauntlet | Found a transporter.
 11094 | Gauntlet | Found a transporter.
 11109 | Gauntlet | Found a transporter.
 11115 | Gauntlet | Found a transporter.
 11319 | D:10     | Entered Level 10 of the Dungeon
 11323 | D:10     | Noticed a gargoyle
 11327 | D:10     | Reached XP level 11. HP: 37/54 MP: 2/17
 11599 | D:9      | Reached ** piety under Sif Muna
 11657 | D:9      | Reached skill level 10 in Invocations
 11825 | D:9      | Noticed a deep elf pyromancer
 11841 | D:9      | Reached skill level 10 in Conjurations
 12016 | D:9      | Noticed a fire crab
 12028 | D:9      | Killed Joseph
 12028 | D:9      | Killed a deep elf pyromancer
 12113 | D:9      | Found a staircase to the Lair.
 12125 | D:9      | Noticed a purple ugly thing
 12130 | D:9      | Killed a purple ugly thing
 12131 | D:9      | Killed a fire crab
 13274 | D:10     | Reached skill level 12 in Fire Magic
 13301 | D:10     | Noticed a two-headed ogre
 13425 | D:10     | Slain by a two-headed ogre

Illustrated notes

Levels and vault maps discovered:
D:1:      dpeg_arrival_subterranean_lakeside_camping, layout_basic,
          interstate_on_off
D:2:      layout_rooms, basic_ecumenical_altar, hangedman_feature_mirror
D:3:      minmay_goblin_kobold_castle, layout_loops_ring, portal_sewer_entry_a,
          minmay_box_of_dots, uniq_grinder
D:4:      layout_cave_pods, nicolae_overflow_macrodata_refinement,
          mainiacjoe_overflow_paths, uniq_menkaure
D:5:      layout_layer_cave
D:6:      layout_basic, lightli_temple_of_fire
D:7:      layout_cave_pools, minmay_temple_entry_hall, uniq_pikel
D:8:      layout_gridville, fedhas_altar_decomposition,
          mainiacjoe_overflow_24_doors, chequers_arboretum,
          corexii_corridor_pit, kennysheep_generic_room_15, uniq_grum
D:9:      layout_roguey, minmay_lair_entry_lava, serial_shops, shop,
          minmay_checkerbox, uniq_joseph
D:10:     cheibrodos_statue_roulette, layout_basic
D:11:     layout_long_grid, david_orc_2, gauntlet_entry_generic
Temple:   jpeg_temple_clearing

Skill      XL: |  1  2  3  4  5  6  7  8  9 10 11 |
---------------+----------------------------------+-----
Conjurations   | 2 3 5 7 9 10 | 10.0
Fire Magic     | 4 5 6 10 11 12 | 12.0
Spellcasting   | 3 4 |  4.0
Hexes          | 1 2 |  2.0
Invocations    | 4 9 10 | 10.0
Evocations     | 4 |  4.0
Dodging        | |  1.6
Stealth        | |  2.1

Action                     |  1- 3 |  4- 6 |  7- 9 | 10-12 || total
---------------------------+-------+-------+-------+-------++-------
  Melee: Club              |     2 |       |       |       ||     2
         Dagger            |    11 |       |    22 |     7 ||    40
         Quarterstaff      |     2 |    18 |       |       ||    20
         Punch             |       |       |     1 |       ||     1
   Fire: Sling             |       |       |       |     1 ||     1
  Throw: Dart              |       |     1 |     1 |     2 ||     4
   Cast: Foxfire           |    49 |    67 |    82 |    40 ||   238
         Scorch            |     1 |    10 |    44 |    66 ||   121
         Inner Flame       |       |       |    20 |    33 ||    53
         Flame Wave        |       |       |     2 |    17 ||    19
         Fireball          |       |       |     2 |    16 ||    18
  Evoke: Wand              |       |       |     1 |    11 ||    12
    Use: Scroll            |       |     8 |     9 |     7 ||    24
         Potion            |       |     2 |     2 |       ||     4
 Armour: Robe              |     6 |       |    21 |       ||    27
         Leather armour    |     1 |    27 |     5 |    64 ||    97
         Steam dragon scal |       |       |       |    31 ||    31
         Acid dragon scale |       |       |       |     1 ||     1
  Dodge: Dodged            |    11 |    22 |    25 |    50 ||   108
  Block: Other             |       |    14 |    15 |    21 ||    50
         Reflection        |       |     2 |     3 |     4 ||     9
